 Dungeon Crawl Stone Soup version 0.31.0-9-g3a7656b989 (webtiles) character file.

Game seed: 11541209109967446537

1302 Kenran the Changeling (level 8, -2/39 HPs)
             Began as a Spriggan Shapeshifter on Feb 3, 2024.
             Was a Believer of the Shining One.
             Slain by a centaur
             ... wielding a +0 dagger of venom
              (6 damage)
             ... on level 6 of the Dungeon.
             The game lasted 00:13:22 (5429 turns).

Kenran the Changeling (Spriggan Shapeshifter)       Turns: 5429, Time: 00:13:22

Health: -2/39      AC:  2    Str: 10    XL:     8   Next: 31%
Magic:  9/9        EV: 20    Int: 11    God:    the Shining One [**....]
Gold:   1160       SH:  0    Dex: 19    Spells: 7/7 levels left

rFire   . .          .
                       - Unarmed
rCold   . . .        (no shield)
rNeg    + . .        a - +0 animal skin
rPois   .            (helmet currently unavailable)
rElec   .            (cloak currently unavailable)
rCorr   +            (gloves unavailable)
SInv    +            (boots unavailable)
Will    +....        (no amulet)
Stlth   +            f - ring of resist corrosion
HPRegen 0.26/turn    (no ring)
MPRegen 0.11/turn

%: no passive effects
@: lethally poisoned (-2 -> -11), beast-form, slowed, glowing, quick
A: beast (slay +4), very small, no large weapons, unfitting armour, see
invisible, speed 3, thin skeletal structure 1, high MP 1
a: Begin Untransformation, Renounce Religion, Divine Shield


You were on level 6 of the Dungeon.
You worshipped the Shining One.
The Shining One was pleased with you.
You were a hulking beast.
You visited 1 branch of the dungeon, and saw 6 of its levels.
You also visited: Sewer.

You collected 1160 gold pieces.

Inventory:

Missiles
 h - 15 poisoned darts (quivered)
 q - 2 curare-tipped darts
Armour
 a - a +0 animal skin (worn)
Jewellery
 f - a ring of resist corrosion (left hand)
Talismans
 c - a beast talisman (active)
 d - a flux talisman
Wands
 g - a wand of charming (9)
 v - a wand of quicksilver (5)
Scrolls
 b - a scroll of noise {unknown}
 e - a scroll of enchant armour
 i - 3 scrolls of fog
 j - a scroll of silence
 k - 3 scrolls of teleportation
 m - a scroll of immolation {unknown}
 o - 2 scrolls of poison {unknown}
 p - 3 scrolls of enchant weapon {unknown}
 t - a scroll of vulnerability {unknown}
 u - a scroll of butterflies {unknown}
Potions
 l - a potion of mutation {!q}
 n - a potion of haste {unknown}
 r - a potion of brilliance {unknown}
 s - 2 potions of curing {unknown}
 w - a potion of degeneration {unknown}
 x - a potion of enlightenment {unknown}


   Skills:
 - Level 2.0 Fighting
 + Level 5.5 Dodging
 - Level 7.0 Unarmed Combat
 - Level 7.0 Shapeshifting


You had 7 spell levels left.
You didn't know any spells.
Your spell library contained the following spells:

 Spells                   Type           Power      Damage    Failure   Level
 Sublimation of Blood     Necr           0%         N/A       47%         2
 Hailstorm                Conj/Ice       0%         3d5       71%         3
 Inner Flame              Hex/Fire       0%         N/A       71%         3
 Ozocubu's Armour         Ice            0%         N/A       71%         3
 Summon Ice Beast         Ice/Summ       0%         N/A       71%         3
 Petrify                  Alch/Erth      0%         N/A       98%         4
 Irradiate                Conj/Alch      0%         3d11      100%        5
 Metabolic Englaciation   Hex/Ice        0%         N/A       100%        5
 Sculpt Simulacrum        Ice/Alch       0%         N/A       100%        6
 Ignition                 Fire           0%         3d3       100%        8


Dungeon Overview and Level Annotations

Branches:
Dungeon (6/15)              Sewer (visited)
 Temple: D:4-7

Altars:
Gozag
Qazlal
Ru
The Shining One

Annotations:
D:2 1 runed translucent door, Crazy Yiuf
D:3 3 runed translucent doors, Kenran's ghost, amateur OnSh
D:4 1 runed translucent door, Blork the orc; Kenran's ghost, novice OnSh


Innate Abilities, Weirdness & Mutations

You are a hulking beast.
Your limbs bulge with bestial killing power. (Slay +4)
You are very small and have problems with some larger weapons.
You are too small for most types of armour.
You have supernaturally acute eyesight. (SInv)
You cover ground extremely quickly. (Speed+++)
You have a somewhat thin skeletal structure. (Dex +2, Stealth+)
You have an increased reservoir of magic. (+10% MP)


Message History

The hound is almost dead.
The hound completely misses you. The hound closely misses you.
You barely miss the hound.
The hound is almost dead.
The hound bites you but does no damage.
You hit the hound.
You kill the hound!
No target in view!
You are illuminated by a small divine halo.
You are a hulking beast.
You are glowing.
Your movement speed is very quick.
Your attack delay is about 0.8.
Your damage rating with unarmed combat is about 14 (Base [3 + 7 (UC)] x 100% (Str) x 103% (Fight) + 4 (Slay)).
Unknown command.
You now have 1160 gold pieces (gained 13).
p - 3 scrolls labelled SANAS LUEK GOBB (gained 1)
A centaur comes into view. It is wielding a +0 dagger of venom.
The centaur unwields a +0 dagger of venom.
It stops dripping with poison.
The centaur wields a +0 shortbow.
The centaur shoots an arrow.
The arrow misses you.
The centaur shoots an arrow.
The arrow hits you!
The kobold brigand throws a curare-tipped dart.
The curare-tipped dart hits you.
You are poisoned.
You have difficulty breathing.
You feel yourself slow down.
Found an emerald potion.
You feel very sick.
* * * LOW HITPOINT WARNING * * *
You feel very sick.
The centaur unwields a +0 shortbow.
The centaur wields a +0 dagger of venom.
It begins to drip with poison!
The centaur closely misses you. The centaur barely misses you.
A kobold comes into view. It is wielding a +0 short sword.
It was a potion of mutation.
You feel extremely strange.
You feel more energetic.
Your bones become slightly less dense.
* * * LOW HITPOINT WARNING * * *
You feel very sick. The centaur misses you. The centaur barely misses you.
The centaur hits you with a +0 dagger of venom.
You die...

.##........## #..##............#
.#.........## #..................
##..........###.....#..........#.
#...............#####........###.
#..............##.............# .
##.....#.....#.........#..##..# #
........##..##......##.#.#.#....
.........#.##......###.....###...
................h....#...... ...
..#.............c....#
.###.......##...K....# ..
##.##....#........... ...
..##....##.......#. ... ...# ...
.......## #..! ....###. ## ...K.#
..


You could see a kobold brigand, a centaur and a kobold (wandering).

Vanquished Creatures
  A water moccasin (D:4)
  An orc warrior (D:5)
  A sky beast (D:6)
  4 kobold brigands (Sewer)
  3 scorpions
  A howler monkey (D:4)
  2 hounds
  A bombardier beetle (D:6)
  A jelly (D:4)
  An orc priest (D:6)
  A sleepcap (D:5)
  2 iguanas (D:5)
  Natasha (twice) (D:2)
  8 adders
  2 river rats (D:3)
  2 white imps (D:6)
  2 ufetubi (D:5)
  6 ribbon worms
  2 dart slugs
  13 orcs
  10 endoplasms
  4 giant cockroaches
  7 hobgoblins
  3 jackals (D:1)
  12 kobolds
  2 quokkas (D:2)
  10 ball pythons
  4 bats
  2 frilled lizards (D:1)
  3 goblins
  14 rats
127 creatures vanquished.

Notes
Turn   | Place    | Note
-------+----------+-------------------------------------------
     0 | D:1      | Kenran the Spriggan Shapeshifter began the quest for the
                  | Orb.
     0 | D:1      | Reached XP level 1. HP: 9/9 MP: 2/2
   139 | D:1      | Reached skill level 1 in Fighting
   193 | D:1      | Reached XP level 2. HP: 13/14 MP: 3/3
   736 | D:1      | Identified a scroll of acquirement
   738 | D:1      | Acquired 807 gold pieces
   767 | D:2      | Noticed Natasha
   983 | D:2      | Found a faded altar of an unknown god.
   993 | D:2      | Reached XP level 3. HP: 18/18 MP: 4/4
  1025 | D:2      | Prayed at the altar of an unknown god.
  1025 | D:2      | Became a worshipper of the Shining One
  1025 | D:2      | Reached * piety under the Shining One
  1058 | D:2      | Found a runed translucent door.
  1059 | D:2      | Noticed Crazy Yiuf
  1393 | D:2      | Killed Natasha
  1394 | D:2      | Reached XP level 4. HP: 22/22 MP: 5/5
  1481 | D:2      | Noticed Natasha
  1489 | D:2      | Killed Natasha
  1553 | D:3      | Reached skill level 5 in Shapeshifting
  1651 | D:3      | Found a sacrificial altar of Ru.
  1761 | D:3      | Reached XP level 5. HP: 16/25 MP: 6/6
  1843 | D:3      | Found a glowing drain.
  1857 | Sewer    | Entered a sewer
  2054 | Sewer    | Reached XP level 6. HP: 14/30 MP: 7/7
  2489 | Sewer    | Reached skill level 5 in Dodging
  2987 | D:3      | Found a runed translucent gate.
  2988 | D:3      | Found a runed translucent gate.
  2989 | D:3      | Noticed Kenran's ghost (amateur OnSh)
  2989 | D:3      | Reached ** piety under the Shining One
  2990 | D:3      | Found a runed translucent gate.
  2992 | D:3      | Identified the +0 ring mail of a wizard's laboratory {Str+4
                  | Dex-3 SInv}
  3114 | D:4      | Found a runed translucent door.
  3118 | D:4      | Noticed Kenran's ghost (novice OnSh)
  3122 | D:4      | Noticed Blork the orc
  3226 | D:4      | Reached XP level 7. HP: 13/33 MP: 8/8
  3472 | D:4      | Found an opulent altar of Gozag.
  3826 | D:5      | Entered Level 5 of the Dungeon
  3913 | D:4      | Reached skill level 5 in Unarmed Combat
  4900 | D:5      | Reached XP level 8. HP: 29/37 MP: 9/9
  5001 | D:6      | Found a stormy altar of Qazlal.
  5429 | D:6      | Gained mutation: You have an increased reservoir of magic.
                  | (+10% MP) [potion of mutation]
  5429 | D:6      | Gained mutation: You have a somewhat thin skeletal
                  | structure. (Dex +2, Stealth+) [potion of mutation]
  5429 | D:6      | Slain by a centaur

Illustrated notes

Levels and vault maps discovered:
D:1:      lightli_arrival_flooded_house, layout_basic, serial_rivers,
          chequers_serial_rivers_micro_e, chequers_serial_rivers_small_3,
          chequers_serial_rivers_marsh, chequers_serial_rivers_room_b,
          chequers_serial_rivers_micro_b
D:2:      layout_rooms, hellmonk_ecumenical_altar_lost_god, uniq_natasha,
          uniq_crazy_yiuf_cottage
D:3:      layout_rooms, nicolae_ru_path_of_blood, biasface_ghost_orc_armoury,
          portal_sewer_entry_e
D:4:      layout_gridville, nicolae_gozag_seed_capital,
          hellmonk_ghost_happy_afterlife, uniq_blork_the_orc
D:5:      layout_cave_pools
D:6:      layout_cave_pools, general_overflow_altar,
          minmay_temple_entry_butterflies, uniq_menkaure

Skill      XL: |  1  2  3  4  5  6  7  8 |
---------------+-------------------------+-----
Fighting       | 1 2 |  2.0
Unarmed Combat | 3 4 6 7 |  7.0
Shapeshifting  | 5 7 |  7.0
Dodging        | 5 |  5.5

Action                     |  1- 3 |  4- 6 |  7- 9 || total
---------------------------+-------+-------+-------++-------
  Melee: Unarmed           |    79 |   137 |   140 ||   356
         Punch             |     4 |     4 |     6 ||    14
  Throw: Dart              |     2 |     1 |       ||     3
  Evoke: Wand              |       |       |     1 ||     1
    Use: Scroll            |     6 |     3 |       ||     9
         Potion            |       |     2 |     2 ||     4
 Armour: Animal skin       |    26 |    32 |    28 ||    86
         Skin              |       |    11 |    21 ||    32
  Dodge: Dodged            |    51 |    73 |   123 ||   247
   Form: Flux              |       |       |     1 ||     1
         Beast             |       |       |     1 ||     1
